Senators vs Americans

Created - Sunday, March 01, 2015 at 22:55

Goals
1 2 3 T
Senators 0 0 1 1
Americans 1 2 0 3
Shots
1 2 3 T
Senators 4 6 7 17
Americans 12 7 6 25

1st period

1. Americans , Rasmus Ristolainen 58 (Nate Schmidt, Maxime Sauve) at 9:23

Penalties :
Mike Brown (BIN) for Roughing (Minor) at 13:29

2nd period

2. Americans , Jack Skille 56 (Nate Schmidt) at 18:03 (PP)
3. Americans , Jack Skille 57 (Peter Andersson) at 19:45

Penalties :
Jerome Samson (RCH) for Fighting (Major) at 0:15, Mike Brown (BIN) for Fighting (Major) at 0:15, Joe Finley (BIN) for Holding (Minor) at 16:34

3rd period

4. Senators , Greg Pateryn 4 (Josh Leivo, Martin St. Pierre) at 14:29 (PP)

Penalties :
John Scott (BIN) for Tripping (Minor) at 3:24, Christopher Breen (RCH) for Fighting (Major) at 7:16, Colton Orr (BIN) for Fighting (Major) at 7:16, Kevin Sundher (RCH) for Holding (Minor) at 8:28, Kyle Beach (BIN) for Tripping (Minor) at 11:39, Christopher Breen (RCH) for Fighting (Major) at 14:23, Colton Orr (BIN) for Fighting (Major) at 14:23, Christopher Breen (RCH) for instigated a fight (Minor) at 14:23, Christopher Breen (RCH) for instigated a fight (10 Minutes Misconduct) at 14:23

Goalie Stats

Jean-Francois Berube (BIN), 22 saves from 25 shots - (0.880), L, 33-18-12, 60:00 minutes
Louis Domingue (RCH), 16 saves from 17 shots - (0.941), W, 7-12-0, 60:00 minutes

Players Stats for Senators

Player Name              G  A  P  +/- PIM S  H  SB GA TA FO     MP     PP MP  PK MP  
------------------------------------------------------------------------------------
Andrew MacWilliam        0  0  0  -1  0   0  0  1  0  2  0/0    18:52   0:00   2:54 
Colton Orr               0  0  0  -1  10  0  1  0  2  0  1/1    14:40   0:00   0:41 
Daine Todd               0  0  0   0  0   1  0  0  1  0  0/0     4:25   0:00   0:00 
David Broll              0  0  0   0  0   0  0  0  0  0  1/1    10:05   0:00   2:27 
Emerson Etem             0  0  0  -1  0   2  2  1  4  4  2/12   22:56   0:49   3:25 
Evan Trupp               0  0  0   0  0   0  0  1  1  0  0/2    15:48   0:00   0:46 
Greg Pateryn             1  0  1  -1  0   3  0  5  0  1  0/0    19:50   0:58   2:30 
Jesse Blacker            0  0  0  -1  0   0  3  2  0  1  0/0    18:53   1:07   0:00 
Joe Finley               0  0  0   0  2   0  0  0  0  0  0/0     6:12   0:00   1:26 
John Scott               0  0  0   0  2   0  1  2  1  2  0/1    23:42   1:07   2:51 
Josh Leivo               0  1  1  -1  0   3  0  0  2  1  0/0    18:46   1:16   0:00 
Korbinian Holzer         0  0  0  -1  0   0  1  4  1  1  0/0    21:06   0:58   2:30 
Kyle Beach               0  0  0   0  2   0  0  0  0  0  0/1     6:38   0:38   0:00 
Kyle Chipchura           0  0  0  -2  0   2  0  1  4  1  4/6    21:46   0:49   4:32 
Martin St. Pierre        0  1  1   0  0   4  2  0  0  2  6/9    21:22   1:16   2:33 
Mike Brown               0  0  0  -1  7   2  1  0  1  0  0/0    15:02   0:49   0:29 
Steve Eminger            0  0  0   0  0   0  2  2  0  5  0/0    14:09   0:00   2:51 
Tyler Biggs              0  0  0   0  0   0  2  0  0  0  1/1    18:26   0:38   0:00 

Players Stats for Americans

Player Name              G  A  P  +/- PIM S  H  SB GA TA FO     MP     PP MP  PK MP  
------------------------------------------------------------------------------------
Christopher Breen        0  0  0   0  22  1  2  0  0  1  0/0    12:50   0:00   0:00 
Dany Heatley             0  0  0   0  0   2  0  1  2  0  1/5    22:31   4:19   1:24 
Davis Drewiske           0  0  0   0  0   1  0  0  0  0  0/0    15:19   0:00   0:00 
Dylan DeMelo             0  0  0   1  0   0  0  1  0  1  0/0    20:24   3:43   1:22 
Farm Player9             0  0  0   0  0   0  0  0  0  0  0/0     8:06   0:00   0:41 
Jack Skille              2  0  2   1  0   6  2  0  6  0  0/0    18:25   3:06   0:00 
Jamie MacQueen           0  0  0   0  0   0  0  0  1  1  0/0     8:30   0:00   0:00 
Jerome Samson            0  0  0   0  5   2  1  0  2  0  0/1    17:18   4:19   1:24 
Kale Kessy               0  0  0   0  0   2  1  0  0  0  1/1     8:30   0:00   0:00 
Kevin Sundher            0  0  0   1  2   1  4  2  1  0  4/5    18:42   3:06   0:00 
Maxime Sauve             0  1  1   1  0   1  1  0  1  0  0/0    16:01   0:00   0:41 
Nate Schmidt             0  2  2   1  0   1  3  0  2  2  0/0    20:15   3:42   0:43 
Nick Cousins             0  0  0   1  0   0  3  1  2  0  2/6    14:18   0:00   0:00 
Nick Drazenovic          0  0  0   0  0   0  4  1  3  0  10/14  17:08   4:19   0:00 
Peter Andersson          0  1  1   1  0   1  1  0  0  1  0/0    20:24   3:43   1:22 
Rasmus Ristolainen       1  0  1   1  0   4  0  3  1  1  0/0    24:50   3:42   0:43 
Spencer Abbott           0  0  0   1  0   2  4  0  2  1  0/1    15:50   0:00   0:00 
Taylor Beck              0  0  0   1  0   1  1  0  4  0  1/1    18:25   3:06   0:00 

3 Stars

1 - Jack Skille (RCH)
2 - Nate Schmidt (RCH)
3 - Rasmus Ristolainen (RCH)

Power Play

Senators - 1 on 2 Attempt(s) - 50.00%
Americans - 1 on 4 Attempt(s) - 25.00%

Penalty Kill

Senators - 3 on 4 Attempt(s) - 75.00% - Score 0 goal in Penalty Kill
Americans - 1 on 2 Attempt(s) - 50.00% - Score 0 goal in Penalty Kill

Team Stat

Senators - Hits : 15 - Faceoff Wins : 15 - Blocked Shots : 19 - Penalty Minutes : 23
Americans - Hits : 27 - Faceoff Wins : 19 - Blocked Shots : 9 - Penalty Minutes : 29

Official

Referees : Unknown
Linesman : Unknown

Game Notes

Mike Brown beats up Jerome Samson at 0:15 of 2nd period
Steve Eminger is injured at 4:15 of 3rd period (Right Hand)
Christopher Breen and Colton Orr fight to a draw at 7:16 of 3rd period
Christopher Breen and Colton Orr fight to a draw at 14:23 of 3rd period

Finance

Level 1 -- Attendance: 1477 (73.85%) -- Ticket Income $39,879
Level 2 -- Attendance: 803 (80.30%) -- Ticket Income $8,030
Total Attendance: 2280 (76.00%)
Total Ticket Income: $47,909
Other Income: $23,475
Total Income: $71,384

Senators

5 vs 5 Forward 
   Center                   Left Wing                Right Wing               Time % Phy DF OF 
 1 Kyle Chipchura           Emerson Etem             Mike Brown               35     1   2  2  
 2 Martin St. Pierre        Josh Leivo               Colton Orr               30     1   2  2  
 3 Emerson Etem             Evan Trupp               Tyler Biggs              22     1   2  2  
 4 Emerson Etem             Kyle Chipchura           Mike Brown               13     1   2  2  

5 vs 5 Defense 
   Defense                  Defense                                           Time % Phy DF OF 
 1 John Scott               Steve Eminger                                     35     1   2  2  
 2 Korbinian Holzer         Greg Pateryn                                      30     1   2  2  
 3 Jesse Blacker            Andrew MacWilliam                                 22     1   2  2  
 4 Joe Finley               John Scott                                        13     1   2  2  

PowerPlay Forward 
   Center                   Left Wing                Right Wing               Time % Phy DF OF 
 1 Kyle Chipchura           Emerson Etem             Mike Brown               60     1   2  2  
 2 Martin St. Pierre        Josh Leivo               Colton Orr               40     1   2  2  

PowerPlay Defense
   Defense                  Defense                                           Time % Phy DF OF 
 1 John Scott               Steve Eminger                                     60     1   2  2  
 2 Korbinian Holzer         Greg Pateryn                                      40     1   2  2  

Penalty Kill 4 Players Forward 
   Center                   Wing                     Time % Phy DF OF 
 1 Emerson Etem             Kyle Chipchura           60     1   2  2  
 2 Mike Brown               Colton Orr               40     1   2  2  

Penalty Kill 4 Players Defense
   Defense                  Defense                  Time % Phy DF OF 
 1 John Scott               Steve Eminger            60     1   2  2  
 2 Korbinian Holzer         Greg Pateryn             40     1   2  2  

Penalty Kill - 3 Players Forward 
   Forward                                           Time % Phy DF OF 
 1 Emerson Etem                                      60     1   2  2  
 2 Kyle Chipchura                                    40     1   2  2  

Penalty Kill - 3 Players Defense
   Defense                  Defense                  Time % Phy DF OF 
 1 John Scott               Steve Eminger            60     1   2  2  
 2 Korbinian Holzer         Greg Pateryn             40     1   2  2  

4 vs 4 Forward 
   Center                   Wing                     Time % Phy DF OF 
 1 Emerson Etem             Kyle Chipchura           60     1   2  2  
 2 Mike Brown               Colton Orr               40     1   2  2  

4 vs 4 Defense
   Defense                  Defense                  Time % Phy DF OF 
 1 John Scott               Steve Eminger            60     1   2  2  
 2 Korbinian Holzer         Greg Pateryn             40     1   2  2  

Last Minutes Offensive
   Center                   Left Wing                Right Wing               Defense                  Defense                  
   Kyle Chipchura           Emerson Etem             Mike Brown               John Scott               Steve Eminger            

Last Minutes Defensive
   Center                   Left Wing                Right Wing               Defense                  Defense                  
   Kyle Chipchura           Emerson Etem             Mike Brown               John Scott               Steve Eminger            

Goaltenders
Starting : Jean-Francois Berube     
Backup : Cedrick Desjardins       

Extra Forwards
Normal : John Scott, Tyler Biggs, Emerson Etem - PP : Emerson Etem, Tyler Biggs - PK : John Scott
Extra Defensemen
Normal : Jesse Blacker, Andrew MacWilliam, Joe Finley - PP : Jesse Blacker - PK : Andrew MacWilliam, Joe Finley
Penalty Shots
Emerson Etem, John Scott, Kyle Chipchura, Mike Brown, Colton Orr

Americans

5 vs 5 Forward 
   Center                   Left Wing                Right Wing               Time % Phy DF OF 
 1 Nick Drazenovic          Dany Heatley             Jerome Samson            35     1   2  2  
 2 Kevin Sundher            Taylor Beck              Jack Skille              30     1   2  2  
 3 Nick Cousins             Maxime Sauve             Spencer Abbott           22     1   2  2  
 4 Dany Heatley             Jamie MacQueen           Kale Kessy               13     1   2  2  

5 vs 5 Defense 
   Defense                  Defense                                           Time % Phy DF OF 
 1 Rasmus Ristolainen       Nate Schmidt                                      35     1   2  2  
 2 Dylan DeMelo             Peter Andersson                                   30     1   2  2  
 3 Davis Drewiske           Christopher Breen                                 22     1   2  2  
 4 Farm Player9             Rasmus Ristolainen                                13     1   2  2  

PowerPlay Forward 
   Center                   Left Wing                Right Wing               Time % Phy DF OF 
 1 Nick Drazenovic          Dany Heatley             Jerome Samson            60     1   2  2  
 2 Kevin Sundher            Taylor Beck              Jack Skille              40     1   2  2  

PowerPlay Defense
   Defense                  Defense                                           Time % Phy DF OF 
 1 Rasmus Ristolainen       Nate Schmidt                                      60     1   2  2  
 2 Dylan DeMelo             Peter Andersson                                   40     1   2  2  

Penalty Kill 4 Players Forward 
   Center                   Wing                     Time % Phy DF OF 
 1 Dany Heatley             Jerome Samson            60     1   2  2  
 2 Taylor Beck              Jack Skille              40     1   2  2  

Penalty Kill 4 Players Defense
   Defense                  Defense                  Time % Phy DF OF 
 1 Rasmus Ristolainen       Nate Schmidt             60     1   2  2  
 2 Dylan DeMelo             Peter Andersson          40     1   2  2  

Penalty Kill - 3 Players Forward 
   Forward                                           Time % Phy DF OF 
 1 Dany Heatley                                      60     1   2  2  
 2 Jerome Samson                                     40     1   2  2  

Penalty Kill - 3 Players Defense
   Defense                  Defense                  Time % Phy DF OF 
 1 Rasmus Ristolainen       Nate Schmidt             60     1   2  2  
 2 Dylan DeMelo             Peter Andersson          40     1   2  2  

4 vs 4 Forward 
   Center                   Wing                     Time % Phy DF OF 
 1 Dany Heatley             Jerome Samson            60     1   2  2  
 2 Taylor Beck              Jack Skille              40     1   2  2  

4 vs 4 Defense
   Defense                  Defense                  Time % Phy DF OF 
 1 Rasmus Ristolainen       Nate Schmidt             60     1   2  2  
 2 Dylan DeMelo             Peter Andersson          40     1   2  2  

Last Minutes Offensive
   Center                   Left Wing                Right Wing               Defense                  Defense                  
   Nick Drazenovic          Dany Heatley             Jerome Samson            Rasmus Ristolainen       Nate Schmidt             

Last Minutes Defensive
   Center                   Left Wing                Right Wing               Defense                  Defense                  
   Nick Drazenovic          Dany Heatley             Jerome Samson            Rasmus Ristolainen       Nate Schmidt             

Goaltenders
Starting : Louis Domingue           
Backup : Carsen Chubak            

Extra Forwards
Normal : Spencer Abbott, Nick Cousins, Maxime Sauve - PP : Spencer Abbott, Nick Cousins - PK : Maxime Sauve
Extra Defensemen
Normal : Davis Drewiske, Christopher Breen, Farm Player9 - PP : Davis Drewiske - PK : Christopher Breen, Farm Player9
Penalty Shots
Dany Heatley, Jerome Samson, Taylor Beck, Jack Skille, Spencer Abbott

% Time on Ice - Senators

Lines # - Real PCT - Wanted PCT - Time Play
Normal Forward
1 - 28% - 35% - 14:22
2 - 42% - 30% - 20:59
3 - 25% - 22% - 12:36
4 - 5% - 13% - 2:32
Normal Defense
1 - 31% - 35% - 15:36
2 - 32% - 30% - 16:22
3 - 29% - 22% - 14:28
4 - 8% - 13% - 4:03
PP Forward
1 - 39% - 60% - 0:49
2 - 61% - 40% - 1:16
PP Defense
1 - 54% - 60% - 1:07
2 - 46% - 40% - 0:58
PK Forward
1 - 91% - 60% - 6:46
2 - 9% - 40% - 0:40
PK Defense
1 - 66% - 60% - 4:56
2 - 34% - 40% - 2:30
PK3 Forward
1 - 0% - 60%
2 - 0% - 40%
PK3 Defense
1 - 0% - 60%
2 - 0% - 40%
44 Forward
1 - 0% - 60%
2 - 0% - 40%
44 Defense
1 - 0% - 60%
2 - 0% - 40%
Last Minute Offensive  - 0:00
Last Minute Defensive  - 0:00
Total
Forward - 60:00
Defense - 60:00

% Time on Ice - Americans

Lines # - Real PCT - Wanted PCT - Time Play
Normal Forward
1 - 25% - 35% - 12:44
2 - 30% - 30% - 15:19
3 - 28% - 22% - 13:56
4 - 17% - 13% - 8:30
Normal Defense
1 - 31% - 35% - 15:50
2 - 30% - 30% - 15:19
3 - 30% - 22% - 15:19
4 - 8% - 13% - 4:01
PP Forward
1 - 58% - 60% - 4:19
2 - 42% - 40% - 3:07
PP Defense
1 - 50% - 60% - 3:42
2 - 50% - 40% - 3:44
PK Forward
1 - 100% - 60% - 2:05
2 - 0% - 40% - 0:00
PK Defense
1 - 34% - 60% - 0:43
2 - 66% - 40% - 1:22
PK3 Forward
1 - 0% - 60%
2 - 0% - 40%
PK3 Defense
1 - 0% - 60%
2 - 0% - 40%
44 Forward
1 - 0% - 60%
2 - 0% - 40%
44 Defense
1 - 0% - 60%
2 - 0% - 40%
Last Minute Offensive  - 0:00
Last Minute Defensive  - 0:00
Total
Forward - 60:00
Defense - 60:00

Play by Play

1st period


0:01 of 1st period - Nick Drazenovic wins face-off versus Kyle Chipchura in neutral zone.
0:24 of 1st period - Wrist shot by Rasmus Ristolainen.
0:24 of 1st period - Shot Blocked by Steve Eminger.
0:49 of 1st period - Wrist shot by Taylor Beck.
0:49 of 1st period - Deflect By Martin St. Pierre.
0:49 of 1st period - Shot Misses the Net.
0:49 of 1st period - Puck is out of play.
0:50 of 1st period - Colton Orr wins face-off versus Kevin Sundher in Senators zone.
1:26 of 1st period - Wrist shot by Jack Skille.
1:26 of 1st period - Stopped by Jean-Francois Berube with a rebound.
1:28 of 1st period - Wrist shot by Jack Skille.
1:28 of 1st period - Stopped by Jean-Francois Berube with a rebound.
1:42 of 1st period - Josh Leivo is hit by Spencer Abbott and loses puck.
1:47 of 1st period - Snap shot by Nick Cousins.
1:47 of 1st period - Shot Blocked by Greg Pateryn.
1:49 of 1st period - Slapshot by Davis Drewiske.
1:49 of 1st period - Deflect By Spencer Abbott.
1:49 of 1st period - Stopped by Jean-Francois Berube with a rebound.
2:01 of 1st period - Snap shot by Maxime Sauve.
2:01 of 1st period - Stopped by Jean-Francois Berube with a rebound.
2:03 of 1st period - Slapshot by Christopher Breen.
2:03 of 1st period - Stopped by Jean-Francois Berube with a rebound.
2:05 of 1st period - Snap shot by Davis Drewiske.
2:05 of 1st period - Stopped by Jean-Francois Berube with a rebound.
3:43 of 1st period - Slapshot by Jack Skille.
3:43 of 1st period - Shot Misses the Net.
4:05 of 1st period - Evan Trupp is hit by Nick Cousins and loses puck.
4:36 of 1st period - Jesse Blacker is hit by Nick Drazenovic and loses puck.
5:21 of 1st period - Evan Trupp is hit by Kevin Sundher and loses puck.
5:40 of 1st period - Kyle Chipchura is hit by Maxime Sauve and loses puck.
6:31 of 1st period - Snap shot by Jack Skille.
6:31 of 1st period - Stopped by Jean-Francois Berube without a rebound.
6:32 of 1st period - Kevin Sundher wins face-off versus Kyle Beach in Senators zone.
8:56 of 1st period - Wrist shot by Kyle Chipchura.
8:56 of 1st period - Shot Blocked by Kevin Sundher.
9:01 of 1st period - Snap shot by Andrew MacWilliam.
9:01 of 1st period - Deflect By Mike Brown.
9:01 of 1st period - Stopped by Louis Domingue with a rebound.
9:23 of 1st period - Slapshot by Rasmus Ristolainen.
9:23 of 1st period - Deflect By Kyle Chipchura.
9:23 of 1st period - Goal by Rasmus Ristolainen - Senators : 0 - Americans : 1.
9:24 of 1st period - Martin St. Pierre wins face-off versus Nick Cousins in neutral zone.
9:39 of 1st period - Wrist shot by Rasmus Ristolainen.
9:39 of 1st period - Stopped by Jean-Francois Berube without a rebound.
9:40 of 1st period - Martin St. Pierre wins face-off versus Nick Cousins in Senators zone.
10:19 of 1st period - Slapshot by Dany Heatley.
10:19 of 1st period - Stopped by Jean-Francois Berube without a rebound.
10:20 of 1st period - Martin St. Pierre wins face-off versus Nick Drazenovic in Senators zone.
11:34 of 1st period - Icing by Greg Pateryn.
11:35 of 1st period - Emerson Etem wins face-off versus Nick Cousins in Senators zone.
11:54 of 1st period - Wrist shot by Kyle Chipchura.
11:54 of 1st period - Stopped by Louis Domingue without a rebound.
11:55 of 1st period - Kyle Chipchura wins face-off versus Nick Cousins in Americans zone.
12:14 of 1st period - Snap shot by Josh Leivo.
12:14 of 1st period - Shot Misses the Net.
12:16 of 1st period - Snap shot by Martin St. Pierre.
12:16 of 1st period - Stopped by Louis Domingue with a rebound.
12:38 of 1st period - Snap shot by Emerson Etem.
12:38 of 1st period - Stopped by Louis Domingue with a rebound.
12:49 of 1st period - Greg Pateryn is hit by Nick Drazenovic and loses puck.
12:58 of 1st period - Rasmus Ristolainen is hit by Tyler Biggs and loses puck.
13:11 of 1st period - Jack Skille is hit by Mike Brown and loses puck.
13:29 of 1st period - Minor Penalty to Mike Brown for Roughing.
13:30 of 1st period - Kevin Sundher wins face-off versus Martin St. Pierre in Senators zone.
14:42 of 1st period - Snap shot by Jerome Samson.
14:42 of 1st period - Stopped by Jean-Francois Berube with a rebound.
14:44 of 1st period - Snap shot by Dany Heatley.
14:44 of 1st period - Deflect By Jerome Samson.
14:44 of 1st period - Shot Blocked by Greg Pateryn.
14:44 of 1st period - Puck is out of play.
14:45 of 1st period - Nick Drazenovic wins face-off versus Evan Trupp in Senators zone.
15:29 of 1st period - Penalty to Mike Brown is over, Mike Brown is back on ice.
16:55 of 1st period - Icing by Emerson Etem.
16:56 of 1st period - Dany Heatley wins face-off versus Emerson Etem in Senators zone.
16:59 of 1st period - Wrist shot by Dany Heatley.
16:59 of 1st period - Shot Blocked by Korbinian Holzer.
17:01 of 1st period - Wrist shot by Peter Andersson.
17:01 of 1st period - Shot Blocked by Korbinian Holzer.
17:03 of 1st period - Snap shot by Peter Andersson.
17:03 of 1st period - Stopped by Jean-Francois Berube without a rebound.
17:04 of 1st period - Kyle Chipchura wins face-off versus Dany Heatley in Senators zone.
18:12 of 1st period - Slapshot by Rasmus Ristolainen.
18:12 of 1st period - Shot Blocked by Jesse Blacker.
18:55 of 1st period - Icing by Martin St. Pierre.
18:56 of 1st period - Martin St. Pierre wins face-off versus Nick Drazenovic in Senators zone.
19:47 of 1st period - Jack Skille is hit by Steve Eminger and loses puck.
Goals for this period are 0 for Senators vs 1 for Americans.
Shots for this period are 4 for Senators vs 12 for Americans.

2nd period


0:01 of 2nd period - Nick Drazenovic wins face-off versus Emerson Etem in neutral zone.
0:15 of 2nd period - Mike Brown beats up Jerome Samson.
0:15 of 2nd period - Penalty to Jerome Samson for Fighting.
0:15 of 2nd period - Penalty to Mike Brown for Fighting.
0:16 of 2nd period - Kyle Chipchura wins face-off versus Nick Drazenovic in Senators zone.
0:31 of 2nd period - Icing by John Scott.
0:32 of 2nd period - Kyle Chipchura wins face-off versus Nick Drazenovic in Senators zone.
0:37 of 2nd period - John Scott is hit by Nate Schmidt and loses puck.
1:45 of 2nd period - Peter Andersson is hit by Tyler Biggs and loses puck.
2:04 of 2nd period - Nick Cousins is hit by Colton Orr and loses puck.
2:49 of 2nd period - Snap shot by Rasmus Ristolainen.
2:49 of 2nd period - Shot Blocked by Jesse Blacker.
2:51 of 2nd period - Slapshot by Dany Heatley.
2:51 of 2nd period - Deflect By Kale Kessy.
2:51 of 2nd period - Stopped by Jean-Francois Berube with a rebound.
2:53 of 2nd period - Slapshot by Rasmus Ristolainen.
2:53 of 2nd period - Deflect By Josh Leivo.
2:53 of 2nd period - Stopped by Jean-Francois Berube with a rebound.
2:55 of 2nd period - Snap shot by Jamie MacQueen.
2:55 of 2nd period - Deflect By Dany Heatley.
2:55 of 2nd period - Shot Misses the Net.
2:55 of 2nd period - Puck is out of play.
2:56 of 2nd period - Kale Kessy wins face-off versus Emerson Etem in Senators zone.
2:57 of 2nd period - Wrist shot by Dany Heatley.
2:57 of 2nd period - Stopped by Jean-Francois Berube with a rebound.
3:07 of 2nd period - Snap shot by Kyle Chipchura.
3:07 of 2nd period - Shot Blocked by Dany Heatley.
3:27 of 2nd period - Wrist shot by Martin St. Pierre.
3:27 of 2nd period - Stopped by Louis Domingue with a rebound.
3:33 of 2nd period - Wrist shot by Martin St. Pierre.
3:33 of 2nd period - Shot Misses the Net.
5:13 of 2nd period - Greg Pateryn is hit by Spencer Abbott and loses puck.
6:08 of 2nd period - Slapshot by Kyle Chipchura.
6:08 of 2nd period - Stopped by Louis Domingue with a rebound.
6:10 of 2nd period - Slapshot by John Scott.
6:10 of 2nd period - Shot Misses the Net.
6:12 of 2nd period - Slapshot by Kyle Chipchura.
6:12 of 2nd period - Shot Blocked by Dylan DeMelo.
6:58 of 2nd period - Wrist shot by Rasmus Ristolainen.
6:58 of 2nd period - Shot Blocked by Evan Trupp.
7:00 of 2nd period - Snap shot by Kevin Sundher.
7:00 of 2nd period - Shot Blocked by Greg Pateryn.
8:18 of 2nd period - Farm Player9 is hit by Steve Eminger and loses puck.
8:25 of 2nd period - Nick Drazenovic is hit by Martin St. Pierre.
8:39 of 2nd period - Wrist shot by Emerson Etem.
8:39 of 2nd period - Stopped by Louis Domingue with a rebound.
9:05 of 2nd period - Steve Eminger is hit by Nate Schmidt and loses puck.
10:40 of 2nd period - Snap shot by Jack Skille.
10:40 of 2nd period - Deflect By Taylor Beck.
10:40 of 2nd period - Shot Misses the Net.
10:40 of 2nd period - Puck is out of play.
10:41 of 2nd period - Kevin Sundher wins face-off versus Evan Trupp in Senators zone.
12:02 of 2nd period - Greg Pateryn is hit by Spencer Abbott and loses puck.
12:13 of 2nd period - Kevin Sundher is hit by Korbinian Holzer and loses puck.
12:24 of 2nd period - Tyler Biggs is hit by Taylor Beck and loses puck.
13:48 of 2nd period - Martin St. Pierre is hit by Christopher Breen and loses puck.
14:55 of 2nd period - Snap shot by Kale Kessy.
14:55 of 2nd period - Stopped by Jean-Francois Berube without a rebound.
14:56 of 2nd period - David Broll wins face-off versus Dany Heatley in Senators zone.
15:58 of 2nd period - Snap shot by Daine Todd.
15:58 of 2nd period - Stopped by Louis Domingue with a rebound.
16:00 of 2nd period - Slapshot by Andrew MacWilliam.
16:00 of 2nd period - Shot Misses the Net.
16:02 of 2nd period - Wrist shot by Kyle Beach.
16:02 of 2nd period - Deflect By Daine Todd.
16:02 of 2nd period - Shot Misses the Net.
16:02 of 2nd period - Puck is out of play.
16:03 of 2nd period - Taylor Beck wins face-off versus Martin St. Pierre in Americans zone.
16:03 of 2nd period - Taylor Beck is hit by Jesse Blacker.
16:34 of 2nd period - Minor Penalty to Joe Finley for Holding.
16:35 of 2nd period - Nick Drazenovic wins face-off versus Emerson Etem in Senators zone.
16:38 of 2nd period - Snap shot by Dany Heatley.
16:38 of 2nd period - Shot Blocked by John Scott.
16:40 of 2nd period - Slapshot by Rasmus Ristolainen.
16:40 of 2nd period - Shot Blocked by John Scott.
17:16 of 2nd period - Kyle Chipchura is hit by Jack Skille and loses puck.
17:29 of 2nd period - Nick Drazenovic is hit by Martin St. Pierre and loses puck.
17:42 of 2nd period - Snap shot by Jerome Samson.
17:42 of 2nd period - Shot Misses the Net.
17:58 of 2nd period - Emerson Etem is hit by Jack Skille and loses puck.
18:03 of 2nd period - Wrist shot by Jack Skille.
18:03 of 2nd period - Goal by Jack Skille - Senators : 0 - Americans : 2.
18:04 of 2nd period - Tyler Biggs wins face-off versus Spencer Abbott in neutral zone.
18:31 of 2nd period - Wrist shot by Spencer Abbott.
18:31 of 2nd period - Stopped by Jean-Francois Berube with a rebound.
19:14 of 2nd period - Korbinian Holzer is hit by Nick Drazenovic and loses puck.
19:23 of 2nd period - Wrist shot by Martin St. Pierre.
19:23 of 2nd period - Shot Blocked by Nick Drazenovic.
19:25 of 2nd period - Slapshot by Greg Pateryn.
19:25 of 2nd period - Deflect By Dany Heatley.
19:25 of 2nd period - Stopped by Louis Domingue with a rebound.
19:27 of 2nd period - Slapshot by Korbinian Holzer.
19:27 of 2nd period - Deflect By Josh Leivo.
19:27 of 2nd period - Stopped by Louis Domingue with a rebound.
19:45 of 2nd period - Wrist shot by Jack Skille.
19:45 of 2nd period - Goal by Jack Skille - Senators : 0 - Americans : 3.
19:46 of 2nd period - Nick Cousins wins face-off versus Emerson Etem in neutral zone.
19:51 of 2nd period - Evan Trupp is hit by Nick Cousins and loses puck.
Goals for this period are 0 for Senators vs 2 for Americans.
Shots for this period are 6 for Senators vs 7 for Americans.

3rd period


0:01 of 3rd period - Nick Drazenovic wins face-off versus Kyle Chipchura in neutral zone.
0:04 of 3rd period - Wrist shot by Rasmus Ristolainen.
0:04 of 3rd period - Stopped by Jean-Francois Berube with a rebound.
0:47 of 3rd period - Mike Brown is hit by Kevin Sundher and loses puck.
1:45 of 3rd period - Snap shot by Spencer Abbott.
1:45 of 3rd period - Shot Blocked by Greg Pateryn.
2:29 of 3rd period - Christopher Breen is hit by Emerson Etem.
2:33 of 3rd period - Emerson Etem is hit by Kale Kessy and loses puck.
2:54 of 3rd period - Snap shot by Rasmus Ristolainen.
2:54 of 3rd period - Shot Misses the Net.
3:22 of 3rd period - Wrist shot by Taylor Beck.
3:22 of 3rd period - Shot Misses the Net.
3:24 of 3rd period - Minor Penalty to John Scott for Tripping.
3:25 of 3rd period - Nick Drazenovic wins face-off versus Emerson Etem in Senators zone.
3:38 of 3rd period - Snap shot by Jerome Samson.
3:38 of 3rd period - Deflect By Dany Heatley.
3:38 of 3rd period - Shot Blocked by Andrew MacWilliam.
3:38 of 3rd period - Puck is out of play.
3:39 of 3rd period - Nick Drazenovic wins face-off versus Emerson Etem in Senators zone.
4:15 of 3rd period - Slapshot by Dylan DeMelo.
4:15 of 3rd period - Shot Blocked by Steve Eminger.
4:15 of 3rd period - Steve Eminger from Senators is injured at 4:15 of 3rd period (Right Hand).
4:16 of 3rd period - Nick Drazenovic wins face-off versus Emerson Etem in Senators zone.
4:17 of 3rd period - Snap shot by Dany Heatley.
4:17 of 3rd period - Shot Misses the Net.
4:47 of 3rd period - Snap shot by Dany Heatley.
4:47 of 3rd period - Shot Misses the Net.
5:07 of 3rd period - Snap shot by Kyle Chipchura.
5:07 of 3rd period - Shot Misses the Net.
5:09 of 3rd period - Wrist shot by Emerson Etem.
5:09 of 3rd period - Shot Misses the Net.
5:23 of 3rd period - Joe Finley is hit by Kevin Sundher and loses puck.
5:24 of 3rd period - Penalty to John Scott is over, John Scott is back on ice.
5:46 of 3rd period - Snap shot by Josh Leivo.
5:46 of 3rd period - Shot Misses the Net.
5:52 of 3rd period - Slapshot by Josh Leivo.
5:52 of 3rd period - Shot Misses the Net.
5:54 of 3rd period - Snap shot by Martin St. Pierre.
5:54 of 3rd period - Stopped by Louis Domingue with a rebound.
5:56 of 3rd period - Slapshot by John Scott.
5:56 of 3rd period - Shot Blocked by Rasmus Ristolainen.
5:58 of 3rd period - Snap shot by Josh Leivo.
5:58 of 3rd period - Deflect By Martin St. Pierre.
5:58 of 3rd period - Shot Blocked by Rasmus Ristolainen.
5:58 of 3rd period - Puck is out of play.
5:59 of 3rd period - Nick Cousins wins face-off versus Emerson Etem in Americans zone.
6:55 of 3rd period - John Scott is hit by Jerome Samson and loses puck.
7:04 of 3rd period - Wrist shot by Dany Heatley.
7:04 of 3rd period - Shot Misses the Net.
7:06 of 3rd period - Snap shot by Jerome Samson.
7:06 of 3rd period - Stopped by Jean-Francois Berube without a rebound.
7:07 of 3rd period - Emerson Etem wins face-off versus Dany Heatley in Senators zone.
7:07 of 3rd period - Emerson Etem is hit by Christopher Breen.
7:16 of 3rd period - Christopher Breen and Colton Orr fight to a draw.
7:16 of 3rd period - Penalty to Christopher Breen for Fighting.
7:16 of 3rd period - Penalty to Colton Orr for Fighting.
7:17 of 3rd period - Nick Drazenovic wins face-off versus Martin St. Pierre in Americans zone.
8:10 of 3rd period - Rasmus Ristolainen is hit by John Scott and loses puck.
8:28 of 3rd period - Minor Penalty to Kevin Sundher for Holding.
8:29 of 3rd period - Martin St. Pierre wins face-off versus Dany Heatley in Americans zone.
8:29 of 3rd period - Snap shot by Josh Leivo.
8:29 of 3rd period - Stopped by Louis Domingue with a rebound.
9:43 of 3rd period - Backhand shot by Martin St. Pierre.
9:43 of 3rd period - Stopped by Louis Domingue with a rebound.
9:59 of 3rd period - Maxime Sauve is hit by Jesse Blacker and loses puck.
10:23 of 3rd period - Snap shot by Josh Leivo.
10:23 of 3rd period - Shot Blocked by Rasmus Ristolainen.
10:25 of 3rd period - Backhand shot by Josh Leivo.
10:25 of 3rd period - Shot Misses the Net.
10:27 of 3rd period - Snap shot by Greg Pateryn.
10:27 of 3rd period - Stopped by Louis Domingue with a rebound.
10:28 of 3rd period - Penalty to Kevin Sundher is over, Kevin Sundher is back on ice.
10:29 of 3rd period - Snap shot by Josh Leivo.
10:29 of 3rd period - Shot Blocked by Kevin Sundher.
10:39 of 3rd period - Tyler Biggs is hit by Kevin Sundher and loses puck.
11:39 of 3rd period - Minor Penalty to Kyle Beach for Tripping.
11:40 of 3rd period - Nick Drazenovic wins face-off versus Emerson Etem in Senators zone.
12:13 of 3rd period - Peter Andersson is hit by Emerson Etem and loses puck.
12:16 of 3rd period - Penalty to Colton Orr is over, Colton Orr is back on ice.
12:21 of 3rd period - Slapshot by Nate Schmidt.
12:21 of 3rd period - Shot Misses the Net.
13:35 of 3rd period - Andrew MacWilliam is hit by Nick Drazenovic and loses puck.
13:39 of 3rd period - Penalty to Kyle Beach is over, Kyle Beach is back on ice.
14:00 of 3rd period - Snap shot by Spencer Abbott.
14:00 of 3rd period - Shot Misses the Net.
14:23 of 3rd period - Christopher Breen and Colton Orr fight to a draw.
14:23 of 3rd period - Penalty to Christopher Breen for Fighting.
14:23 of 3rd period - Penalty to Colton Orr for Fighting.
14:23 of 3rd period - Penalty to Christopher Breen for instigated a fight.
14:23 of 3rd period - Penalty to Christopher Breen for instigated a fight.
14:24 of 3rd period - Martin St. Pierre wins face-off versus Jerome Samson in Americans zone.
14:27 of 3rd period - Wrist shot by Josh Leivo.
14:27 of 3rd period - Stopped by Louis Domingue with a rebound.
14:29 of 3rd period - Slapshot by Greg Pateryn.
14:29 of 3rd period - Goal by Greg Pateryn - Senators : 1 - Americans : 3.
14:30 of 3rd period - Kevin Sundher wins face-off versus John Scott in neutral zone.
15:22 of 3rd period - Tyler Biggs is hit by Peter Andersson.
15:54 of 3rd period - Andrew MacWilliam is hit by Spencer Abbott and loses puck.
16:05 of 3rd period - Slapshot by Kyle Chipchura.
16:05 of 3rd period - Shot Blocked by Nick Cousins.
16:07 of 3rd period - Snap shot by Mike Brown.
16:07 of 3rd period - Stopped by Louis Domingue with a rebound.
16:28 of 3rd period - Rasmus Ristolainen is hit by Jesse Blacker and loses puck.
16:43 of 3rd period - Backhand shot by Dany Heatley.
16:43 of 3rd period - Shot Blocked by Emerson Etem.
16:45 of 3rd period - Wrist shot by Nate Schmidt.
16:45 of 3rd period - Deflect By Emerson Etem.
16:45 of 3rd period - Stopped by Jean-Francois Berube with a rebound.
17:04 of 3rd period - Wrist shot by Jack Skille.
17:04 of 3rd period - Stopped by Jean-Francois Berube with a rebound.
17:06 of 3rd period - Wrist shot by Kevin Sundher.
17:06 of 3rd period - Stopped by Jean-Francois Berube with a rebound.
17:08 of 3rd period - Slapshot by Davis Drewiske.
17:08 of 3rd period - Shot Blocked by Korbinian Holzer.
17:10 of 3rd period - Slapshot by Davis Drewiske.
17:10 of 3rd period - Shot Blocked by Kyle Chipchura.
17:34 of 3rd period - Snap shot by Martin St. Pierre.
17:34 of 3rd period - Shot Misses the Net.
17:36 of 3rd period - Snap shot by Martin St. Pierre.
17:36 of 3rd period - Shot Misses the Net.
18:34 of 3rd period - John Scott is hit by Nate Schmidt and loses puck.
18:59 of 3rd period - Tyler Biggs is hit by Nick Cousins and loses puck.
19:52 of 3rd period - Slapshot by Taylor Beck.
19:52 of 3rd period - Stopped by Jean-Francois Berube with a rebound.
19:54 of 3rd period - Wrist shot by Jack Skille.
19:54 of 3rd period - Shot Misses the Net.
19:56 of 3rd period - Snap shot by Taylor Beck.
19:56 of 3rd period - Shot Blocked by Greg Pateryn.
19:58 of 3rd period - Wrist shot by Jack Skille.
19:58 of 3rd period - Shot Blocked by Korbinian Holzer.
Goals for this period are 1 for Senators vs 0 for Americans.
Shots for this period are 7 for Senators vs 6 for Americans.


Output by the SimonT Hockey Simulator (STHS) for Eric Dolegowski -- Original Page W3C XHTML 1.0 Valid
Hockey Simulator - Hockey Simulation - Hockey Manager